 Dungeon Crawl Stone Soup version 0.29.0-11-gd7f09526c8 (webtiles) character file.

Game seed: 9997349063124819928

613 sanka the Digger (level 7, -1/46 HPs)
             Began as a Merfolk Earth Elementalist on Sept 3, 2022.
             Was a Follower of Uskayaw.
             Slain by an orc priest
             ... wielding a +0 whip
              (4 damage)
             ... on level 5 of the Dungeon.
             The game lasted 00:06:24 (7188 turns).

sanka the Digger (Merfolk Earth Elementalist)       Turns: 7188, Time: 00:06:24

Health: -1/46      AC:  2    Str: 14    XL:     7   Next: 44%
Magic:  9/21       EV: 12    Int: 17    God:    Uskayaw [*.....]
Gold:   235        SH:  0    Dex: 14    Spells: 7/13 levels left

rFire   . . .      SeeInvis .   n - +1 dagger (venom)
rCold   . . .      Faith    .   (no shield)
rNeg    . . .      Spirit   .   a - +0 robe
rPois   .          Reflect  .   (no helmet)
rElec   .          Harm     .   (no cloak)
rCorr   .          Rampage  .   (no gloves)
Will    .....                   (no boots)
Stlth   ++........              s - amulet "Plog" {Acrobat Str+6}
HPRegen 0.15/turn               (no ring)
MPRegen 0.17/turn               r - ring of magical power

@: no status effects
A: (nimble swimmer 2), mertail
a: Renounce Religion, Stomp


You were on level 5 of the Dungeon.
You worshipped Uskayaw.
Uskayaw was noncommittal.
You visited 1 branch of the dungeon, and saw 5 of its levels.

You collected 235 gold pieces.


Innate Abilities, Weirdness & Mutations

((You are very nimble when in or above water. (Stealth+, EV+, Speed+++)))
Your lower body shifts to a powerful aquatic tail in water.


   Skills:
 - Level 2.6 Dodging
 - Level 2.1 Stealth
 + Level 3.5 Spellcasting
 * Level 3.7 Conjurations
 - Level 1.3 Transmutations
 - Level 5.0 Earth Magic


You had 7 spell levels left.
You knew the following spells:

 Your Spells              Type           Power      Damage    Failure   Level
x - Stone Arrow           Conj/Erth      34%        3d9       9%          3
z - Sandblast             Erth           38%        2d10      2%          1
N - Passwall              Tmut/Erth      10%        N/A       7%          2

Your spell library contained the following spells:

 Spells                   Type           Power      Damage    Failure   Level
 Beastly Appendage        Tmut           14%        N/A       10%         1
 Wereblood                Tmut           7%         N/A       14%         2
 Blink                    Tloc           4%         N/A       26%         2
 Spider Form              Tmut/Pois      5%         N/A       36%         3
 Petrify                  Tmut/Erth      13%        N/A       41%         4
 Manifold Assault         Tloc           2%         N/A       99%         5
 Storm Form               Tmut/Air       2%         N/A       100%        7

Inventory:

Hand Weapons
 e - a +0 whip
 n - a +1 dagger of venom (weapon)
Armour
 a - a +0 robe (worn)
Jewellery
 r - a ring of magical power (right hand)
 s - the amulet "Plog" (around neck) {Acrobat Str+6}

   [amulet of the acrobat]

   It increases your evasion while moving and waiting.
   Str:       It affects your strength (+6).
Wands
 m - a wand of quicksilver (10)
Scrolls
 c - a scroll of brand weapon {unknown}
 d - 2 scrolls of fear {unknown}
 f - 4 scrolls of identify {unknown}
 g - a scroll of fog {unknown}
 i - 2 scrolls of amnesia {unknown}
 j - 4 scrolls of teleportation {unknown}
 o - a scroll of enchant armour {unknown}
 t - a scroll of enchant weapon {unknown}
Potions
 b - a potion of magic
 h - 2 potions of berserk rage {unknown}
 k - 3 potions of attraction {unknown}
 l - a potion of lignification {unknown}
 p - a potion of degeneration {unknown}
 q - 2 potions of haste {unknown}
 u - a potion of flight {unknown}

Dungeon Overview and Level Annotations

Branches:
Dungeon (5/15)             Temple (0/1) D:4

Altars:
Uskayaw

..........▒....▒........ ..▒
...............▒......). ..▒
........▒▒.▒...▒.....▒.▒▒ ▒..▒▒▒▒
.........▒.▒▒▒....▒.▒▒.. ...P~..
...........▒ ▒......▒▒.▒▒▒...~~..
....▒▒▒..▒▒▒ ▒▒..▒...▒........~~~
.....▒▒▒..▒▒▒▒...▒..........P~~o~
P.▒...▒▒........5............~~~~
..▒▒............mo▒...........~..
..▒▒▒.▒....▒▒...▒.▒▒.........>...
..▒ ▒▒▒▒.▒.....▒▒▒▒.............▒
..▒ ▒.▒▒▒▒....▒▒▒▒.............▒
▒▒▒ ▒▒..▒........................
▒............................
▒.....▒.▒▒...▒▒▒▒.........▒.
▒.......▒▒..▒▒ ▒.........▒
▒.†....▒▒▒▒▒▒ ▒▒........


You could see an orc priest and a white imp.


Message History

The white imp gestures at you. The puff of frost misses you.
The blast of sand hits the white imp but does no damage.
The white imp is severely wounded.
The white imp closely misses you.
The blast of sand hits the white imp but does no damage.
The white imp is severely wounded.
The white imp gestures at you. The puff of frost hits you!
The white imp barely misses you.
The blast of sand misses the white imp.
The orc priest invokes the aid of Beogh against you.
Beogh smites you! The white imp hits you.
* * * LOW HITPOINT WARNING * * *
The white imp freezes you.
* * * LOW HITPOINT WARNING * * *
The blast of sand misses the white imp.
The orc priest mumbles some strange prayers to Beogh against you.
Beogh smites you!
* * * LOW HITPOINT WARNING * * *
The white imp hits you.
* * * LOW HITPOINT WARNING * * *
The white imp freezes you.
* * * LOW HITPOINT WARNING * * *
The white imp misses you.
The blast of sand hits the white imp.
The white imp is severely wounded.
The orc priest hits you with a +0 whip.
You die...

Action                   |  1- 3 |  4- 6 |  7- 9 || total
-------------------------+-------+-------+-------++-------
Melee: Unarmed           |     1 |       |       ||     1
       Whip              |    14 |       |       ||    14
       Dagger            |       |    47 |       ||    47
       Punch             |       |     1 |       ||     1
 Cast: Sandblast         |    63 |    79 |    30 ||   172
       Stone Arrow       |       |     1 |     2 ||     3
 Stab: Sleeping          |       |     1 |       ||     1
Armor: Robe              |     5 |     7 |     2 ||    14
Dodge: Dodged            |    22 |    55 |    25 ||   102

Levels and vault maps discovered:
D:1:      dpeg_arrival_signposts, layout_rooms, minivault_27,
          minmay_misc_feat_doors
D:2:      layout_loops_corners, nicolae_ecumenical_lake_church,
          kennysheep_another_room, uniq_natasha
D:3:      layout_loops_ring, grunt_ministairs_13, minmay_misc_feat_diagonals
D:4:      layout_basic, minmay_temple_entry_from_below_a, palyth_stone_intersect
D:5:      dreamdust_elfheim, layout_cave_pools, mainiacjoe_overflow_chevrons,
          serial_undead, serial_undead_d, serial_undead_b, serial_undead_f,
          serial_undead_b, lightli_corner_chamber

Notes
Turn   | Place    | Note
-------+----------+-------------------------------------------
     0 | D:1      | sanka the Merfolk Earth Elementalist began the quest for
                  | the Orb.
     0 | D:1      | Reached XP level 1. HP: 13/13 MP: 3/3
   393 | D:1      | Reached XP level 2. HP: 19/19 MP: 1/5
   438 | D:1      | Learned a level 2 spell: Passwall
   454 | D:1      | Reached skill level 3 in Earth Magic
  1072 | D:1      | Reached XP level 3. HP: 20/24 MP: 3/6
  1076 | D:1      | Learned a level 3 spell: Stone Arrow
  1644 | D:2      | Found a faded altar of an unknown god.
  1683 | D:2      | Prayed at the altar of an unknown god.
  1683 | D:2      | Became a worshipper of Uskayaw the Reveller
  1683 | D:2      | Reached * piety under Uskayaw
  2292 | D:2      | Noticed Natasha
  2298 | D:2      | Killed Natasha
  2298 | D:2      | Reached ** piety under Uskayaw
  2299 | D:2      | Reached skill level 1 in Conjurations
  2299 | D:2      | Reached XP level 4. HP: 30/30 MP: 3/7
  2685 | D:2      | Noticed Natasha
  2694 | D:2      | Killed Natasha
  2900 | D:2      | Noticed Natasha
  2912 | D:2      | Killed Natasha
  2913 | D:2      | Reached skill level 4 in Earth Magic
  2913 | D:2      | Reached XP level 5. HP: 8/35 MP: 1/8
  3456 | D:2      | Found a hide-covered altar of Uskayaw.
  4232 | D:3      | Reached skill level 2 in Conjurations
  4424 | D:3      | Reached *** piety under Uskayaw
  4972 | D:4      | Reached XP level 6. HP: 41/41 MP: 8/10
  5092 | D:4      | Found a staircase to the Ecumenical Temple.
  5536 | D:4      | Identified the amulet "Plog" {Acrobat Str+6}
  5644 | D:4      | Noticed a black bear
  5649 | D:4      | Killed a black bear
  5650 | D:4      | Reached skill level 3 in Spellcasting
  6344 | D:5      | Entered Level 5 of the Dungeon
  6358 | D:5      | Reached skill level 3 in Conjurations
  6680 | D:5      | Reached XP level 7. HP: 41/46 MP: 11/11
  6880 | D:5      | Reached skill level 5 in Earth Magic
  7187 | D:5      | HP: 4/46 [white imp (2)]
  7188 | D:5      | Slain by an orc priest

Vanquished Creatures
  A black bear (D:4)
  A water moccasin zombie (D:5)
  2 bullfrog zombies (D:5)
  3 iguanas
  Natasha (thrice) (D:2)
  An orc wizard (D:5)
  A howler monkey zombie (D:5)
  4 gnolls (D:3)
  5 adders
  A shadow imp (D:5)
  2 ufetubi (D:4)
  An adder zombie (D:5)
  4 dart slugs
  7 orcs
  8 ball pythons
  5 bats
  5 endoplasms
  6 giant cockroaches
  6 hobgoblins
  4 jackals (D:3)
  5 quokkas
  4 frilled lizards
  8 goblins
  12 kobolds
  5 rats
104 creatures vanquished.
